 Dungeon Crawl Stone Soup version 0.13-a0-2244-g236abbe (webtiles) character file.

208715 4tharraofdagon the Scorcher (level 20, -1/93 (94) HPs)
             Began as a Kobold Fire Elementalist on July 4, 2013.
             Was the Champion of Sif Muna.
             Slain by Kae's ghost (29 damage)
             ... on Level 19 of the Dungeon on July 5, 2013.
             The game lasted 03:54:30 (19312 turns).

4tharraofdagon the Scorcher (KoFE)                 Turns: 19312, Time: 03:54:30

HP  -1/93 (94)   AC 13     Str 10      XL: 20   Next: 61%
MP   1/41        EV 18     Int 22      God: Sif Muna [******]
Gold 1982        SH  0     Dex 16      Spells: 14 memorised,  5 levels left

Res.Fire  : + + .   See Invis. : +   P - staff of conjuration
Res.Cold  : + + .   Warding    : .   C - +3 leather armour of Honour {+Inv rElec rF Life Prot.: . . . Conserve : . (no shield)
Res.Poison: +       Res.Corr.  : .   t - +1 dwarf golden helmet
Res.Elec. : +       Clarity    : .   q - +2 cloak of the Thief {+Fog Dam-3 SInv Stl
Sust.Abil.: . .     Spirit.Shd : .   h - -3 pair of gloves of Hacemy Dah {rF+}
Res.Mut.  : .       Stasis     : .   i - +0 pair of boots
Res.Rott. : .       Flight     : .   b - amulet "Fuargh" {Faith rElec rPois rC++}
Saprovore : + + .                    f - +3 ring of intelligence
                                     H - +3 ring of evasion

@: burdened, very slightly contaminated, slow, very resistant to hostile
enchantments, stealthy
A: disease resistance, talons 1, carnivore 3, magic resistance 1, saprovore 2,
AC +3, EV +2
a: Channel Energy, Forget Spell, Renounce Religion, Evoke Fog, Evoke
Invisibility


You were on level 19 of the Dungeon.
You worshipped Sif Muna.
Sif Muna was exalted by your worship.
You were encumbered.
You were hungry.

You visited 8 branches of the dungeon, and saw 42 of its levels.
You also visited: Labyrinth.

You collected 3499 gold pieces.
You spent 1537 gold pieces at shops.

Inventory:

Hand weapons
 T - the +7,+5 scimitar of Flaming Death {flame, rPois rF++ rC- MR}
   (You found it in a labyrinth)

   It emits flame when wielded, causing extra injury to most foes and up to
   double damage against particularly susceptible opponents.
   Big, fiery blades are also staple armaments of hydra-hunters.
   It greatly protects you from fire.
   It makes you vulnerable to cold.
   It protects you from poison.
   It affects your resistance to hostile enchantments.
Armour
 h - the -3 pair of gloves of Hacemy Dah (worn) {rF+}
   (You found it on level 3 of the Elven Halls)

   It protects you from fire.
 i - a +0 pair of boots (worn)
 q - the +2 cloak of the Thief (worn) {+Fog Dam-3 SInv Stlth++}
   (You bought it in a shop on level 4 of the Orcish Mines)

   It affects your damage-dealing abilities (-3).
   It enhances your eyesight.
   It can be evoked to emit clouds of fog.
   It makes you much more stealthy.
 t - a +1 dwarven golden helmet (worn)
 z - a +0 troll leather armour
 C - the +3 leather armour of Honour (worn) {+Inv rElec rF+ Dam+4}
   (You found it on level 8 of the Dungeon)

   It affects your damage-dealing abilities (+4).
   It protects you from fire.
   It insulates you from electricity.
   It lets you turn invisible.
Magical devices
 m - a wand of slowing (5) {unknown}
 y - a wand of cold (6)
 I - a wand of digging (24)
 L - a wand of cold (6)
Comestibles
 c - 8 meat rations
Scrolls
 d - a scroll of enchant armour
 u - 5 scrolls of remove curse
 x - a scroll of teleportation
 E - 4 scrolls of magic mapping
 M - 4 scrolls of recharging
 N - a scroll of vulnerability
Jewellery
 a - an uncursed amulet of stasis
 b - the amulet "Fuargh" (around neck) {Faith rElec rPois rC++}
   (You found it in a labyrinth)

   [amulet of faith]

   It greatly protects you from cold.
   It insulates you from electricity.
   It protects you from poison.
 f - a +3 ring of intelligence (right hand)
 k - a cursed ring of hunger {unknown}
 v - an uncursed amulet of guardian spirit {unknown}
 w - an uncursed amulet of clarity {unknown}
 D - an uncursed ring of teleportation
 G - the amulet "Skanweem" {rCorr SInv}
   (You found it on level 3 of the Elven Halls)

   [amulet of resist corrosion]

   It enhances your eyesight.
 H - a +3 ring of evasion (left hand)
 J - an uncursed amulet of the gourmand {unknown}
 K - an uncursed ring of hunger {unknown}
 O - an uncursed ring of protection from cold {unknown}
Potions
 g - 6 potions of restore abilities
 o - 5 potions of brilliance
 r - 4 potions of heal wounds
 s - 6 potions of curing
 A - a potion of strong poison {unknown}
 B - a potion of agility
 F - 6 potions of speed
 Q - a potion of experience {unknown}
Books
 j - a book of Wizardry

   Spells                             Type                      Level
   Summon Elemental                   Summoning                    4
   Agony                              Necromancy                   5
   Lightning Bolt                     Conjuration/Air              5
   *Fireball                          Conjuration/Fire             5
   Haste                              Charms                       6
   Invisibility                       Hexes                        6
 p - a book of the Earth

   Spells                             Type                      Level
   Dig                                Earth                        4
   Leda's Liquefaction                Hexes/Earth                  4
   Bolt of Magma                      Conjuration/Fire/Earth       5
   Statue Form                        Transmutation/Earth          6
   Iron Shot                          Conjuration/Earth            6
   Shatter                            Earth                        9
Magical staves
 e - an uncursed staff of wizardry
 l - an uncursed staff of energy
 P - an uncursed staff of conjuration (weapon)


   Skills:
 - Level 2.4 Dodging
 - Level 2.6 Stealth
 + Level 18.5 Spellcasting
 * Level 17.3 Conjurations
 - Level 3.0 Translocations
 * Level 18.8 Fire Magic
 - Level 13.6 Air Magic
 - Level 8.4 Invocations
 - Level 3.8 Evocations


You had 5 spell levels left.
You knew the following spells:

 Your Spells              Type           Power        Failure   Level  Hunger
a - Repel Missiles        Chrm/Air       ######....   1%          2    None
b - Flight                Chrm/Air       ######....   1%          3    None
c - Fireball              Conj/Fire      #######...   1%          5    None
d - Apportation           Tloc           ####......   1%          1    None
e - Sticky Flame          Conj/Fire      #######.     0%          4    None
f - Swiftness             Chrm/Air       ######....   1%          2    None
g - Delayed Fireball      Conj/Fire      N/A          1%          7    #####..
h - Bolt of Fire          Conj/Fire      #######...   1%          6    ####...
i - Regeneration          Chrm/Necr      ###.......   10%         3    None
j - Orb of Destruction    Conj           #######...   1%          7    #####..
k - Freezing Cloud        Conj/Ice/Air   #######...   8%          6    ####...
l - Iskenderun's Battles  Conj/Chrm      ######..     1%          4    None
m - Blink                 Tloc           N/A          1%          2    None
n - Control Teleport      Chrm/Tloc      ####......   14%         4    None


Dungeon Overview and Level Annotations

Branches:
Dungeon (20/27)            Temple (1/1) D:4             Orc (4/4) D:8
    Elf (3/3) Orc:3          Lair (8/8) D:12         Vaults (4/5) D:18
  Blade (1/1) Vaults:3      Crypt (1/5) Vaults:3
  Swamp: Lair:3-6    Shoals: Lair:3-6     Snake: Lair:3-6    Spider: Lair:3-6
  Slime: Lair:6-8

Altars:
Ashenzari
Fedhas
Kikubaaqudgha
Nemelex Xobeh
Okawaru
Sif Muna
Trog
Xom
Yredelemnul
Zin
Beogh

Shops:
D:8: ? D:13: *!([ D:18: =? Orc:1: [ Orc:2: ** Orc:4: !([[ Vaults:3: ! Vaults:4: (

Portals:
Trove: D:11 (show horn of Geryon)

Annotations
D:19 Kae's ghost, mighty MiBe; Louise
Orc:4 CURING!!!!!!!!!!!!!!!!!!!!!!!!!!!
Vaults:1 TORNADO!!!!!, Aizul


Innate Abilities, Weirdness & Mutations

You recuperate from illness quickly.
You are small and have problems with some larger weapons.
You are carnivorous and can eat meat at any time.
You can eat rotten meat.
You have sharp toenails.
You are surrounded by a mild repulsion field (EV +2).
You are partially covered in icy blue scales (AC +1).
You are partially covered in yellow scales (AC +2).
You are resistant to hostile enchantments.


Message History

Press: ? - help, Shift-Dir - straight line, f/p - Kae's ghost
Aim: Kae's ghost (almost destroyed)
The fireball explodes!
The fireball engulfs Kae's ghost.
Kae's ghost appears unharmed.
Kae's ghost is almost destroyed.
Use which ability? (? or * to list)
You channel some magical energy.
You feel somewhat more hungry.
Casting: Orb of Destruction
Confirm with . or Enter, or press ? or * to list all spells.
Okay, then.
Casting: Orb of Destruction
Confirm with . or Enter, or press ? or * to list all spells.
You blink.
Use which ability? (? or * to list)
You fail to use your ability.
Kae's ghost hits you!
* * * LOW HITPOINT WARNING * * *
Casting: Blink
Confirm with . or Enter, or press ? or * to list all spells.
You blink.
Kae's ghost hits you!
You die...

#+.#.+. .. . .# #...+###.#
.# .# #..#..##.####.
#[...........
#..>......... #
#.##'#####'# ..
#.##.#####.############
###+.#...#...............#
................@p§......+
.#....<.#..####'##+##+####
.##############.##.##.###
>.# #.....'........ .##
##.##.###..##.# .# #
##.###..## .. #........+ .
##.###.### #..###+#


You could see Kae's ghost.

Vanquished Creatures
  Saint Roka (Orc:4)
  Boris (D:20)
  Jory (Vaults:4)
  Xtahua (Vaults:4)
  Rupert (Vaults:1)
  Agnes (Vaults:2)
  A tengu reaver (Vaults:4)
  Frances (Elf:3)
  2 ghouls (Vaults:1)
  Maud (Vaults:1)
  2 frost giants
  2 vault wardens
  Gastronok (Lair:2)
  A fire giant (Vaults:4)
  3 stone giants
  2 spectral elves (Elf:3)
  4 deep elf annihilators
  4 deep elf sorcerers (Elf:3)
  5 deep elf death magi (Elf:3)
  Snorg (D:15)
  A vault guard (Vaults:3)
  7 yaktaur captains
  A dragon (Vaults:3)
  A minotaur (Lab)
  2 great orbs of eyes
  2 ironheart preservers
  Fannar (Orc:4)
  A storm dragon skeleton (Vaults:2)
  Erica (Orc:4)
  6 hydras
  Harold (D:11)
  Josephine (Orc:3)
  21 dancing weapons
  6 deep elf demonologists
  5 ogre magi
  2 plague shamblers (Vaults:1)
  A frost giant zombie (Vaults:3)
  18 death yaks (Lair:8)
  A fire giant zombie (Vaults:3)
  2 deep elf high priests (Elf:3)
  2 orc high priests (Orc:4)
  4 stone giant zombies
  9 centaur warriors
  2 stone giant skeletons
  2 fire giant skeletons
  5 catoblepae (Lair:8)
  A very ugly thing (D:20)
  4 hell knights (Vaults:1)
  A shadow wraith (Vaults:3)
  7 deep elf knights
  3 iron troll zombies
  A giant amoeba (D:17)
  12 humans (Vaults:1)
  2 wizards (Vaults:1)
  4 hill giants
  Pikel (D:5)
  A hydra zombie (D:13)
  10 cyclopes
  A harpy zombie (D:14)
  4 ironbrand convokers
  8 orc knights
  Joseph (Orc:4)
  3 orc sorcerers
  4 necromancers
  A minotaur zombie (Lab)
  A wolf spider (Vaults:2)
  2 phantasmal warriors (Crypt:1)
  Maurice (Orc:2)
  2 griffons
  2 spiny worms
  A red wasp (Vaults:2)
  A sixfirhy (Vaults:3)
  5 vault sentinels
  3 elephant slugs
  A black mamba (shapeshifter) (D:17)
  3 black mambas
  2 stone giant simulacra
  5 elephants (Lair:3)
  12 slime creatures
  An ettin skeleton (Vaults:2)
  A spiny frog (Lair:6)
  39 ugly things
  Psyche (D:10)
  A feature mimic (D:19)
  17 yaktaurs
  A hill giant skeleton (D:15)
  5 komodo dragons
  Sonja (Orc:3)
  An efreet (D:11)
  10 trolls
  A wandering mushroom (D:17)
  A deep troll zombie (D:17)
  7 blink frogs
  8 two-headed ogres
  A blink frog (shapeshifter) (Vaults:1)
  A blue devil (Vaults:3)
  10 elves (Vaults:1)
  A shadow (D:13)
  A wyvern (D:11)
  A water elemental (D:13)
  A vampire (Vaults:1)
  34 yaks
  A hungry ghost (D:11)
  2 basilisks
  3 deep elf conjurers
  Eustachio (D:10)
  9 vampire mosquitoes
  A neqoxec (Orc:4)
  7 deep elf summoners
  A fire drake (Lair:6)
  4 hippogriffs
  4 wraiths
  12 deep elf fighters
  A cyclops zombie (D:15)
  4 manticores
  A boulder beetle (Vaults:2)
  3 necrophages (Vaults:1)
  2 freezing wraiths
  25 orc warriors
  A wolf (D:9)
  A wyvern skeleton (D:14)
  A yaktaur skeleton (Vaults:1)
  A porcupine (Lair:3)
  3 sky beasts
  A slave (D:5)
  A giant goldfish (Elf:3)
  A black bear (shapeshifter) (D:19)
  2 cyclops skeletons
  10 centaurs
  7 ice beasts
  2 boring beetles
  2 kobold demonologists
  15 ogres
  A yak zombie (D:10)
  3 deep elf priests
  3 phantoms
  A yak skeleton (D:13)
  7 wargs
  A rotting devil (Vaults:3)
  8 deep elf magi
  A water moccasin (shapeshifter) (D:17)
  6 giant slugs
  A giant slug (shapeshifter) (Vaults:3)
  9 crocodiles
  3 big kobolds
  A yellow wasp zombie (D:13)
  A boring beetle zombie (Vaults:1)
  A giant frog zombie (D:5)
  7 water moccasins
  A centaur skeleton (D:7)
  4 agate snails
  10 giant frogs
  A giant frog skeleton (D:13)
  A warg zombie (Orc:3)
  4 killer bees
  An eye of draining (D:13)
  4 wights (D:15)
  7 electric eels
  A crocodile zombie (D:11)
  A goliath beetle (D:12)
  9 hounds
  5 quasits
  3 crimson imps
  A big kobold skeleton (D:11)
  31 orc priests
  Crazy Yiuf (D:5)
  5 iguanas
  25 orc wizards
  6 deep elf soldiers
  3 worker ants
  22 sheep
  A hound simulacrum (D:9)
  An ogre simulacrum (Orc:3)
  2 jellies
  3 boggarts (Vaults:1)
  A mummy (D:10)
  3 giant centipedes
  15 adders
  A giant mite (Lair:2)
  14 green rats
  An adder zombie (D:5)
  A white imp (D:9)
  An inept item mimic (D:4)
  5 worms
  An ufetubus (D:9)
  A bat zombie (D:5)
  3 giant eyeballs
  6 giant geckos
  An ooze (D:5)
  190 orcs
  7 bats
  3 giant cockroaches
  8 hobgoblins
  13 jackals
  8 quokkas
  A ball python skeleton (D:4)
  2 giant newts (D:2)
  A giant spore (D:13)
  15 goblins
  A goblin zombie (Orc:3)
  13 kobolds
  A kobold skeleton (D:6)
  A kobold zombie (D:5)
  2 orc simulacra (Orc:3)
  An orc skeleton (Orc:3)
  5 orc zombies
  21 rats
  A ballistomycete (D:13)
  3 bushes (Lair:8)
  4 fungi
  A plant (Lair:8)
1088 creatures vanquished.

Vanquished Creatures (others)
  An orc knight (Orc:4)
  A necrophage (Vaults:1)
  A sky beast (D:9)
  A porcupine (Lair:8)
  A warg (Vaults:4)
  An iguana (D:10)
  A jelly (D:5)
  6 green rats (Lair:7)
  An orc (D:13)
  2 jackals (D:5)
  A fungus (Lair:8)
  A plant (Lair:8)
18 creatures vanquished.

Grand Total: 1106 creatures vanquished

Notes
Turn   | Place    | Note
--------------------------------------------------------------
     0 | D:1      | 4tharraofdagon, the Kobold Fire Elementalist, began the quest for the Orb.
     0 | D:1      | Reached XP level 1. HP: 10/10 MP: 3/3
    17 | D:1      | Reached skill level 1 in Conjurations
   294 | D:2      | Reached XP level 2. HP: 4/15 MP: 1/4
   503 | D:2      | Reached XP level 3. HP: 16/19 MP: 1/5
   508 | D:2      | Learned a level 3 spell: Conjure Flame
   848 | D:3      | Found an iron altar of Okawaru.
   888 | D:3      | Found a glowing silver altar of Zin.
   922 | D:3      | Noticed a phantom
   931 | D:3      | Killed a phantom
   931 | D:3      | Reached skill level 4 in Fire Magic
   931 | D:3      | Reached XP level 4. HP: 22/24 MP: 8/8
   931 | D:3      | Reached XP level 5. HP: 25/28 MP: 9/9
   968 | D:4      | Found a staircase to the Ecumenical Temple.
   974 | Temple   | Entered the Ecumenical Temple
   998 | Temple   | Became a worshipper of Sif Muna the Loreminder
  1260 | D:4      | Noticed an ogre
  1300 | D:4      | Killed an ogre
  1300 | D:4      | Reached XP level 6. HP: 32/32 MP: 1/11
  1395 | D:5      | Entered Level 5 of the Dungeon
  1476 | D:5      | Acquired Sif Muna's first power
  1476 | D:5      | Reached skill level 5 in Fire Magic
  1511 | D:5      | Learned a level 5 spell: Fireball
  1582 | D:5      | Learned a level 1 spell: Apportation
  1609 | D:5      | Noticed a slave
  1610 | D:5      | Noticed a slave
  1610 | D:5      | Noticed a slave
  1613 | D:5      | Noticed Pikel
  1613 | D:5      | Noticed a slave
  1621 | D:5      | Killed a slave
  1646 | D:5      | Killed Pikel
  1646 | D:5      | Reached XP level 7. HP: 36/36 MP: 11/14
  1646 | D:5      | Reached XP level 8. HP: 41/41 MP: 11/16
  1713 | D:5      | Noticed a sky beast
  1942 | D:5      | Noticed Crazy Yiuf
  1948 | D:5      | Killed Crazy Yiuf
  2040 | D:6      | Acquired Sif Muna's second power
  2050 | D:6      | Learned a level 4 spell: Sticky Flame
  2574 | D:7      | Reached XP level 9. HP: 40/45 MP: 18/18
  2655 | D:7      | Reached skill level 6 in Fire Magic
  2662 | D:8      | Found a staircase to the Orcish Mines.
  2694 | D:8      | Found Jisuntumno's Magic Scroll Emporium.
  2703 | D:8      | Bought 2 scrolls of teleportation for 96 gold pieces
  2703 | D:8      | Bought a scroll of teleportation for 48 gold pieces
  2775 | D:8      | Got a faintly glowing leather armour
  2795 | D:8      | Identified the +3 leather armour of Honour {+Inv rElec rF+ Dam+4} (You found it on level 8 of the Dungeon)
  2826 | D:8      | Learned a level 2 spell: Swiftness
  2952 | D:9      | Reached skill level 5 in Invocations
  3004 | D:9      | Reached skill level 5 in Conjurations
  3412 | D:9      | Reached XP level 10. HP: 42/50 MP: 6/21
  3474 | D:10     | Entered Level 10 of the Dungeon
  3571 | D:10     | Reached skill level 5 in Spellcasting
  3656 | D:10     | Found a glowing silver altar of Zin.
  3989 | D:11     | Reached skill level 7 in Fire Magic
  4055 | D:10     | Noticed Psyche
  4055 | D:10     | Paralysed by Psyche for 7 turns
  4066 | D:10     | Paralysed by a giant eyeball for 4 turns
  4067 | D:10     | Killed Psyche
  4131 | D:10     | Paralysed by a giant eyeball for 4 turns
  4172 | D:10     | Noticed Eustachio
  4180 | D:10     | Killed Eustachio
  4313 | D:10     | Reached skill level 8 in Invocations
  4394 | D:10     | Acquired Sif Muna's third power
  4452 | D:11     | Noticed Harold
  4456 | D:11     | Noticed a hill giant
  4470 | D:11     | Killed a hill giant
  4470 | D:11     | Reached XP level 11. HP: 22/54 MP: 19/24
  4734 | D:11     | Found a portal to a secret trove of treasure.
  4893 | D:11     | Paralysed by a giant eyeball for 4 turns
  4906 | D:11     | Paralysed by a giant eyeball for 4 turns
  4910 | D:11     | Reached skill level 9 in Fire Magic
  4928 | D:11     | Killed Harold
  5146 | D:12     | Found a shattered altar of Ashenzari.
  5228 | D:12     | Found a staircase to the Lair.
  5368 | Lair:1   | Entered Level 1 of the Lair of Beasts
  5401 | Lair:1   | Received a gift from Sif Muna
  5402 | Lair:1   | Identified Sif Muna's Grimoire of the Damaging Volcanoes (Sif Muna gifted it to you on level 1 of the Lair of Beasts)
  5416 | Lair:1   | Learned a level 7 spell: Delayed Fireball
  5442 | Lair:1   | Gained mutation: You are resistant to hostile enchantments. [potion of beneficial mutation]
  5693 | Lair:3   | Reached skill level 10 in Fire Magic
  6024 | Lair:3   | Reached XP level 12. HP: 46/59 MP: 20/27
  6226 | Lair:4   | Noticed a six-headed hydra
  6271 | Lair:4   | Killed a six-headed hydra
  6271 | Lair:4   | Received a gift from Sif Muna
  6272 | Lair:4   | Identified Sif Muna's Magic Continued (Sif Muna gifted it to you on level 4 of the Lair of Beasts)
  6407 | Lair:4   | Reached skill level 10 in Spellcasting
  6515 | Lair:5   | Reached skill level 11 in Spellcasting
  6575 | Lair:5   | Received a gift from Sif Muna
  6576 | Lair:5   | Identified Sif Muna's Catalogue of Torrid Confrontation (Sif Muna gifted it to you on level 5 of the Lair of Beasts)
  6584 | Lair:5   | Learned a level 6 spell: Bolt of Fire
  6764 | Lair:6   | Reached skill level 12 in Spellcasting
  6822 | Lair:7   | Found a labyrinth entrance.
  6829 | Lab      | Entered a labyrinth
  7333 | Lab      | Noticed a minotaur
  7340 | Lab      | Killed a minotaur
  7340 | Lab      | Reached skill level 10 in Conjurations
  7369 | Lab      | Got a vibrating lead amulet
  7372 | Lab      | Identified the amulet "Fuargh" {Faith rElec rPois rC++} (You found it in a labyrinth)
  7430 | Lair:7   | Noticed an eight-headed hydra
  7446 | Lair:7   | Killed an eight-headed hydra
  7446 | Lair:7   | Received a gift from Sif Muna
  7486 | Lair:8   | Entered Level 8 of the Lair of Beasts
  7487 | Lair:8   | Noticed a catoblepas
  7494 | Lair:8   | Killed a catoblepas
  7494 | Lair:8   | Reached skill level 13 in Spellcasting
  7538 | Lair:8   | Noticed an eight-headed hydra
  7540 | Lair:8   | Noticed a death yak
  7552 | Lair:8   | Killed an eight-headed hydra
  7565 | Lair:8   | Noticed a death yak
  7579 | Lair:8   | Noticed a death yak
  7595 | Lair:8   | Noticed a death yak
  7601 | Lair:8   | Killed a death yak
  7601 | Lair:8   | Received a gift from Sif Muna
  7601 | Lair:8   | Reached XP level 13. HP: 38/63 MP: 30/33
  7607 | Lair:8   | Killed a death yak
  7614 | Lair:8   | Killed a death yak
  7614 | Lair:8   | Reached skill level 14 in Spellcasting
  7623 | Lair:8   | Killed a death yak
  7678 | Lair:8   | Identified Sif Muna's Grimoire of Conjuration (Sif Muna gifted it to you on level 8 of the Lair of Beasts)
  7717 | Lair:8   | Noticed a catoblepas
  7724 | Lair:8   | Killed a catoblepas
  7859 | Lair:8   | 4tharraofdagon: whats here
  7859 | Lair:8   | 4tharraofdagon: spiders?
  7912 | Lair:8   | Received a gift from Sif Muna
  7918 | Lair:8   | Learned a level 3 spell: Regeneration
  7923 | Lair:8   | NOPE: WORMS
  7927 | Lair:8   | 4tharraofdagon: thanks :)
  7930 | Lair:8   | NOPE: np
  7949 | Lair:8   | 4tharraofdagon: np=nope?
  7958 | Lair:8   | NOPE: no problem
  7958 | Lair:8   | 4tharraofdagon: nope
  7975 | Lair:8   | NOPE: (no) (p)robl(e)m
  7975 | Lair:8   | NOPE: NOPE
  8041 | Lair:8   | Noticed a catoblepas
  8047 | Lair:8   | Killed a catoblepas
  8055 | Lair:8   | 4tharraofdagon: good ending?
  8062 | Lair:8   | Noticed a death yak
  8062 | Lair:8   | Noticed a death yak
  8063 | Lair:8   | NOPE: cows
  8065 | Lair:8   | Noticed a death yak
  8065 | Lair:8   | Noticed a death yak
  8065 | Lair:8   | Killed a death yak
  8067 | Lair:8   | Killed a death yak
  8068 | Lair:8   | Noticed a death yak
  8086 | Lair:8   | NOPE: I hope you like cows
  8099 | Lair:8   | Killed a death yak
  8186 | Lair:8   | Noticed a death yak
  8189 | Lair:8   | Noticed a death yak
  8224 | Lair:8   | Killed a death yak
  8224 | Lair:8   | Killed a death yak
  8225 | Lair:8   | Killed a death yak
  8225 | Lair:8   | Reached skill level 15 in Spellcasting
  8308 | Lair:8   | Killed a death yak
  8308 | Lair:8   | Received a gift from Sif Muna
  8310 | Lair:8   | Identified Sif Muna's Collected Works on Frigorific Confrontation (Sif Muna gifted it to you on level 8 of the Lair of Beasts)
  8323 | Lair:8   | Learned a level 7 spell: Orb of Destruction
  8370 | Lair:8   | Noticed a catoblepas
  8374 | Lair:8   | Killed a catoblepas
  8414 | Lair:8   | Noticed a death yak
  8414 | Lair:8   | Noticed a death yak
  8415 | Lair:8   | Noticed a death yak
  8416 | Lair:8   | Noticed a death yak
  8418 | Lair:8   | Noticed a death yak
  8418 | Lair:8   | Killed a death yak
  8420 | Lair:8   | Noticed a death yak
  8420 | Lair:8   | Killed a death yak
  8421 | Lair:8   | Noticed a death yak
  8422 | Lair:8   | Killed a death yak
  8422 | Lair:8   | Reached XP level 14. HP: 42/68 MP: 10/35
  8422 | Lair:8   | Killed a death yak
  8431 | Lair:8   | Killed a death yak
  8473 | Lair:8   | Killed a death yak
  8473 | Lair:8   | Received a gift from Sif Muna
  8473 | Lair:8   | Killed a death yak
  8485 | Lair:8   | Identified Sif Muna's Incunabulum of Cobwebs (Sif Muna gifted it to you on level 8 of the Lair of Beasts)
  8495 | Lair:8   | Learned a level 6 spell: Freezing Cloud
  8574 | Lair:8   | Noticed a catoblepas
  8580 | Lair:8   | Killed a catoblepas
  8580 | Lair:8   | Reached skill level 1 in Air Magic
  8608 | Lair:8   | 4tharraofdagon: bad staff :(
  8655 | Lair:8   | 4tharraofdagon: how many death yaks
  8655 | Lair:8   | 4tharraofdagon: i think thats records
  8655 | Lair:8   | NOPE: many cows
  8655 | Lair:8   | NOPE: many exp
  8655 | Lair:8   | 4tharraofdagon: 18 death yaks (Lair:8)
  8655 | Lair:8   | 4tharraofdagon: thats record
  8655 | Lair:8   | NOPE: dang
  8655 | Lair:8   | Bloax: brutal
  8655 | Lair:8   | 4tharraofdagon: 5 catoblepae
  8655 | Lair:8   | 4tharraofdagon: 3 hydras
  8655 | Lair:8   | NOPE: many headed friends and cow pals
  8655 | Lair:8   | 4tharraofdagon: ya
  8655 | Lair:8   | NOPE: yo bloAX
  8655 | Lair:8   | Bloax: hi
  8655 | Lair:8   | 4tharraofdagon: they still couldnt cope with 50life kobold
  8655 | Lair:8   | Bloax: https://dl.dropboxusercontent.com/u/63152810/n/abom/Progression2.png
  8655 | Lair:8   | Bloax: seen this yet
  8655 | Lair:8   | 4tharraofdagon: new tiles?what monster
  8655 | Lair:8   | Bloax: Abominations.
  8655 | Lair:8   | 4tharraofdagon: chimera?
  8655 | Lair:8   | 4tharraofdagon: did you see tile of chimera
  8655 | Lair:8   | NOPE: you like those dark mans don't you
  8655 | Lair:8   | Bloax: nope
  8655 | Lair:8   | 4tharraofdagon: they look like humanoid-shaped poops
  8655 | Lair:8   | Bloax: what the fuk
  8655 | Lair:8   | Bloax: Last I checked they looked like the primary monster.
  8655 | Lair:8   | NOPE: I can barely see anything
  8655 | Lair:8   | 4tharraofdagon: na,i like them
  8655 | Lair:8   | NOPE: so small
  8655 | Lair:8   | Bloax: And yes, I like doing twisted stuff.
  8660 | Lair:8   | Learned a level 4 spell: Iskenderun's Battlesphere
  8682 | Lair:8   | NOPE: I play crawl in
  8688 | Lair:8   | NOPE: ~*~*~1440p~*~*~
  8755 | Lair:6   | Bloax: I only have a 1680x1050 monitor from like 2007 or something.
  8763 | Lair:6   | Noticed a five-headed hydra
  8782 | Lair:6   | NOPE: I have one of those too
  8782 | Lair:6   | Killed a five-headed hydra
  8783 | Lair:6   | NOPE: its not hooked up though
  8783 | Lair:6   | NOPE: dang
  9119 | Lair:2   | Noticed Gastronok
  9122 | Lair:2   | 4tharraofdagon: nice hat
  9122 | Lair:2   | NOPE: thx
  9128 | Lair:2   | Killed Gastronok
  9128 | Lair:2   | Received a gift from Sif Muna
  9128 | Lair:2   | Reached skill level 16 in Spellcasting
  9161 | Lair:2   | Bloax: wut
  9161 | Lair:2   | 4tharraofdagon: do you know how to compile .patch file in offline dcss
  9295 | Lair:1   | NOPE: NOPE
  9393 | D:12     | Bloax: ^
  9427 | D:11     | 4tharraofdagon: >:O
  9471 | D:11     | Bloax: What doeth that trove want?
  9478 | D:10     | 4tharraofdagon: horn of geryon
  9478 | D:10     | Bloax: rofl
  9478 | D:10     | Bloax: Easy.
  9478 | D:10     | Bloax: Just not now.
  9489 | D:10     | NOPE: I think you mean
  9497 | D:10     | NOPE: Just do it now.
  9561 | Orc:1    | Entered Level 1 of the Orcish Mines
  9561 | Orc:1    | Found Stranos' Armour Boutique.
  9575 | Orc:1    | Bought a +2 cloak of poison resistance for 190 gold pieces
  9634 | Orc:1    | Bloax: geryon has 5 kills
  9635 | Orc:2    | Found Yhodghao's General Store.
  9650 | Orc:2    | Noticed Maurice
  9659 | Orc:2    | Killed Maurice
  9723 | Orc:2    | Found Blioloti's General Store.
  9724 | Orc:2    | NOPE: dang
  9734 | Orc:2    | Bought a scroll of identify for 26 gold pieces
  9734 | Orc:2    | Bought a scroll of identify for 26 gold pieces
  9939 | Orc:3    | Noticed Sonja
  9940 | Orc:3    | Killed Sonja
  9944 | Orc:3    | Noticed a stone giant
  9960 | Orc:3    | 4tharraofdagon: rtofl
  9960 | Orc:3    | NOPE: well
  9960 | Orc:3    | Bloax: tis kinda bad
  9961 | Orc:3    | NOPE: time to just sit there and let the giant burn
  9961 | Orc:3    | NOPE: hopefully
  9961 | Orc:3    | 4tharraofdagon: ye
  9971 | Orc:3    | Killed a stone giant
  9972 | Orc:3    | NOPE: aww yiss
 10026 | Orc:3    | Found a staircase to the Elven Halls.
 10027 | Orc:3    | Noticed Josephine
 10050 | Orc:3    | Killed Josephine
 10050 | Orc:3    | Reached skill level 5 in Air Magic
 10202 | Orc:3    | Bloax: > potion of mutation
 10202 | Orc:3    | Bloax: do you feel lucky, punk
 10202 | Orc:3    | 4tharraofdagon: ya
 10202 | Orc:3    | Gained mutation: You are partially covered in yellow scales (AC +2). [potion of mutation]
 10202 | Orc:3    | Gained mutation: You are partially covered in icy blue scales (AC +1). [potion of mutation]
 10202 | Orc:3    | Gained mutation: You are surrounded by a mild repulsion field (EV +2). [potion of mutation]
 10203 | Orc:3    | Bloax: that's the spirit
 10203 | Orc:3    | Bloax: woo
 10203 | Orc:3    | NOPE: ya
 10292 | Orc:2    | 4tharraofdagon: fuck
 10297 | Orc:2    | 4tharraofdagon: drop dead motherf***r
 10302 | Orc:2    | NOPE: got him
 10380 | Orc:4    | Entered Level 4 of the Orcish Mines
 10471 | Orc:4    | Found a roughly hewn altar of Beogh.
 10511 | Orc:4    | Found Pniemami's Distillery.
 10516 | Orc:4    | Bought a potion of paralysis for 17 gold pieces
 10516 | Orc:4    | Bought a potion of heal wounds for 51 gold pieces
 10516 | Orc:4    | Bought a potion of heal wounds for 51 gold pieces
 10516 | Orc:4    | Bought a potion of heal wounds for 51 gold pieces
 10516 | Orc:4    | Bought a potion of heal wounds for 51 gold pieces
 10641 | Orc:4    | Noticed Fannar
 10655 | Orc:4    | Killed Fannar
 10655 | Orc:4    | Received a gift from Sif Muna
 10656 | Orc:4    | Identified Sif Muna's Reference Book on Battle Magic (Sif Muna gifted it to you on level 4 of the Orcish Mines)
 10800 | Orc:4    | Noticed Joseph
 10809 | Orc:4    | Killed Joseph
 10856 | Orc:4    | Found a roughly hewn altar of Beogh.
 10862 | Orc:4    | Found Thraff's Armour Shoppe.
 10867 | Orc:4    | 4tharraofdagon: how does this fog work
 10867 | Orc:4    | NOPE: humm dunno thought that cloak had invis
 10867 | Orc:4    | 4tharraofdagon: cloud count,evoke success,spread radius
 10867 | Orc:4    | 4tharraofdagon: i need numbers!
 10867 | Orc:4    | NOPE: !
 10867 | Orc:4    | Bloax: nice cloak
 10867 | Orc:4    | 4tharraofdagon: i have to test
 10867 | Orc:4    | NOPE: OK
 10867 | Orc:4    | 4tharraofdagon: wow
 10867 | Orc:4    | 4tharraofdagon: this cloak is op
 10867 | Orc:4    | Bought the +2 cloak of the Thief {+Fog Dam-3 SInv Stlth++} for 339 gold pieces
 10893 | Orc:4    | Noticed Erica
 10899 | Orc:4    | Killed Erica
 10952 | Orc:4    | 4tharraofdagon: look
 10961 | Orc:4    | NOPE: dang
 10985 | Orc:4    | Bloax: Scroll of fog.
 10986 | Orc:4    | Bloax: except infinite
 11073 | Orc:4    | Reached XP level 15. HP: 62/72 MP: 20/37
 11151 | Orc:4    | Found a roughly hewn altar of Beogh.
 11360 | Orc:4    | Noticed Saint Roka
 11413 | Orc:4    | Bloax: Still alive.
 11425 | Orc:4    | 4tharraofdagon: barelly harmed i bet
 11431 | Orc:4    | Bloax: mother fucker
 11437 | Orc:4    | NOPE: hiding in a corner
 11439 | Orc:4    | NOPE: like usual
 11444 | Orc:4    | Killed Saint Roka
 11444 | Orc:4    | Received a gift from Sif Muna
 11448 | Orc:4    | Bloax: intense roka action
 11448 | Orc:4    | NOPE: wot a noob
 11497 | Orc:4    | Found a roughly hewn altar of Beogh.
 11499 | Orc:4    | Found Edung's Antique Armour Shoppe.
 11503 | Orc:4    | Found Veimob's Antique Weapon Emporium.
 11514 | Orc:4    | Bought a runed buckler for 82 gold pieces
 11591 | Elf:1    | Entered Level 1 of the Elven Halls
 11680 | Elf:2    | Learned a level 2 spell: Blink
 11708 | Elf:3    | Entered Level 3 of the Elven Halls
 11790 | Elf:3    | Noticed Frances
 11797 | Elf:3    | Killed Frances
 11961 | Elf:3    | Received a gift from Sif Muna
 11968 | Elf:3    | Learned a level 2 spell: Repel Missiles
 11975 | Elf:3    | 4tharraofdagon: gtg :(
 11975 | Elf:3    | Bloax: buhbyes
 11975 | Elf:3    | 4tharraofdagon: sry
 11975 | Elf:3    | Bloax: gnite
 11975 | Elf:3    | NOPE: CYA
 11975 | Elf:3    | Upgraded the game from 0.13-a0-2236-g7be3fc8 to 0.13-a0-2244-g236abbe
 11981 | Elf:3    | Learned a level 3 spell: Flight
 11997 | Elf:3    | Noticed a deep elf annihilator
 12005 | Elf:3    | Reached skill level 17 in Spellcasting
 12040 | Elf:3    | Noticed a deep elf annihilator
 12044 | Elf:3    | Killed a deep elf annihilator
 12131 | Elf:3    | Reached XP level 16. HP: 76/76 MP: 30/38
 12136 | Elf:3    | Reached XP level 15. HP: 64/72 MP: 9/46
 12272 | Elf:3    | Received a gift from Sif Muna
 12272 | Elf:3    | Reached XP level 16. HP: 69/76 MP: 38/38
 12310 | Elf:3    | Reached skill level 15 in Fire Magic
 12312 | Elf:3    | Killed a deep elf annihilator
 12425 | Elf:3    | Reached skill level 1 in Evocations
 12520 | Elf:3    | Noticed a deep elf annihilator
 12530 | Elf:3    | Killed a deep elf annihilator
 12571 | Elf:3    | Got a pair of distressingly furry gloves
 12712 | Elf:3    | Got an ancient cloak
 12712 | Elf:3    | Got a steaming iron amulet
 12712 | Elf:3    | Identified the Reference Book on Unstable Sinister Rites (You found it on level 3 of the Elven Halls)
 12720 | Elf:3    | Identified the cursed -3 pair of gloves of Hacemy Dah {rF+} (You found it on level 3 of the Elven Halls)
 12723 | Elf:3    | Identified the +1 cloak "Mosyep" {Str+2 Int+3 Curse} (You found it on level 3 of the Elven Halls)
 12779 | Elf:3    | Identified the amulet "Skanweem" {rCorr SInv} (You found it on level 3 of the Elven Halls)
 13250 | D:13     | Found Maok's Distillery.
 13250 | D:13     | Found Weoq's Weapon Shop.
 13262 | D:13     | Bought a potion of heal wounds for 33 gold pieces
 13262 | D:13     | Bought 2 potions of speed for 121 gold pieces
 13282 | D:13     | Found Masuhas' Armour Emporium.
 13394 | D:13     | Received a gift from Sif Muna
 13416 | D:13     | Identified Sif Muna's Disquisition on Flying Attacks (Sif Muna gifted it to you on level 13 of the Dungeon)
 13454 | D:13     | Found Coezah's Assorted Antiques.
 13461 | D:13     | Bought a scroll labeled CRIOC SKIN for 39 gold pieces
 13500 | D:13     | Reached skill level 10 in Air Magic
 13500 | D:13     | Paralysed by a giant eyeball for 4 turns
 13584 | D:14     | Entered Level 14 of the Dungeon
 13658 | D:14     | Received a gift from Sif Muna
 13659 | D:14     | Identified Sif Muna's Advanced Steps in Witchcraft (Sif Muna gifted it to you on level 14 of the Dungeon)
 13702 | D:15     | Entered Level 15 of the Dungeon
 13717 | D:15     | Noticed Snorg
 13722 | D:15     | Killed Snorg
 13950 | D:17     | Received a gift from Sif Muna
 14120 | D:17     | Reached XP level 17. HP: 80/80 MP: 25/39
 14241 | D:18     | Found Kigrogaf's Magic Scroll Emporium.
 14247 | D:18     | Bought a scroll of magic mapping for 38 gold pieces
 14247 | D:18     | Bought a scroll of magic mapping for 38 gold pieces
 14295 | D:18     | Found Weasy's Jewellery Shop.
 14321 | D:18     | Bought an uncursed amulet of inaccuracy for 32 gold pieces
 14390 | D:18     | Found a staircase to the Vaults.
 14427 | Vaults:1 | Entered Level 1 of the Vaults
 14432 | Vaults:1 | Received a gift from Sif Muna
 14772 | Vaults:1 | Gained mutation: You have sharp toenails. [potion of beneficial mutation]
 14794 | Vaults:1 | Learned a level 4 spell: Control Teleport
 14891 | Vaults:1 | Noticed Aizul
 14954 | Vaults:1 | Noticed a vault warden
 14961 | Vaults:1 | Received a gift from Sif Muna
 14978 | Vaults:1 | Killed a vault warden
 14993 | Vaults:1 | Noticed a ghoul
 15107 | Vaults:1 | Killed a ghoul
 15132 | Vaults:1 | Reached skill level 15 in Conjurations
 15263 | Vaults:1 | Noticed a ghoul
 15293 | Vaults:1 | Killed a ghoul
 15337 | Vaults:1 | Reached XP level 18. HP: 49/84 MP: 20/40
 15409 | Vaults:1 | Noticed Maud
 15444 | Vaults:1 | Received a gift from Sif Muna
 15464 | Vaults:1 | Identified Sif Muna's Papyrus of Excruciating Snow (Sif Muna gifted it to you on level 1 of the Vaults)
 15476 | Vaults:1 | Killed Maud
 15641 | Vaults:2 | Found a bloodstained altar of Trog.
 15984 | Vaults:4 | Noticed Jory
 16025 | Vaults:4 | Killed Jory
 16087 | Vaults:4 | Found Gomuekk's Weapon Shoppe.
 16111 | Vaults:4 | Noticed a tengu reaver
 16121 | Vaults:4 | Killed a tengu reaver
 16207 | Vaults:4 | Received a gift from Sif Muna
 16387 | Vaults:4 | Noticed Xtahua
 16405 | Vaults:4 | Killed Xtahua
 16510 | Vaults:4 | Reached skill level 18 in Spellcasting
 16757 | Vaults:2 | Reached XP level 19. HP: 56/88 MP: 34/41
 16796 | Vaults:1 | Noticed Rupert
 16815 | Vaults:1 | Killed Rupert
 16991 | Vaults:3 | Found Rimus' Distillery.
 16999 | Vaults:3 | Received a gift from Sif Muna
 17000 | Vaults:3 | Identified Sif Muna's Tome of Burning Confrontation (Sif Muna gifted it to you on level 3 of the Vaults)
 17006 | Vaults:3 | Bought a potion of heal wounds for 57 gold pieces
 17006 | Vaults:3 | Bought a potion of brilliance for 47 gold pieces
 17006 | Vaults:3 | Bought a potion of speed for 104 gold pieces
 17097 | Vaults:3 | Found an ancient bone altar of Kikubaaqudgha.
 17097 | Vaults:3 | Found a staircase to the Crypt.
 17097 | Vaults:3 | Found a basalt altar of Yredelemnul.
 17147 | Crypt:1  | Entered Level 1 of the Crypt
 17409 | Vaults:3 | Found a staircase to the Hall of Blades.
 17409 | Vaults:3 | Found an iron altar of Okawaru.
 17593 | Blade    | Entered the Hall of Blades
 17677 | Blade    | Received a gift from Sif Muna
 17678 | Blade    | Identified Leysobae's Catalogue of the Entourage (Sif Muna gifted it to you in the Hall of Blades)
 18004 | Vaults:3 | Reached XP level 20. HP: 93/93 MP: 21/41
 18105 | Vaults:3 | Received a gift from Sif Muna
 18106 | Vaults:3 | Identified Sif Muna's Papyrus of the Compass (Sif Muna gifted it to you on level 3 of the Vaults)
 18449 | Vaults:2 | Identified Ymoite's Incunabulum of Buffs (You found it on level 2 of the Vaults)
 18487 | Vaults:2 | Noticed Agnes
 18492 | Vaults:2 | Killed Agnes
 18880 | D:20     | Entered Level 20 of the Dungeon
 18921 | D:20     | Noticed Boris
 18927 | D:20     | Killed Boris
 19204 | D:19     | Received a gift from Sif Muna
 19220 | D:19     | Noticed Louise
 19236 | D:19     | Bloax: gg no re
 19236 | D:19     | Bloax: Hey.
 19236 | D:19     | NOPE: hi
 19266 | D:19     | 4tharraofdagon: hi
 19278 | D:19     | NOPE: hi
 19283 | D:19     | 4tharraofdagon: hi
 19294 | D:19     | Noticed Kae's ghost (mighty MiBe)
 19300 | D:19     | NOPE: kurwa
 19312 | D:19     | Slain by Kae's ghost

Action                   |  1- 3 |  4- 6 |  7- 9 | 10-12 | 13-15 | 16-18 | 19-21 || total
-------------------------+-------+-------+-------+-------+-------+-------+-------++-------
Melee: Unarmed           |    13 |       |       |       |       |       |       ||    13
       Short sword       |     5 |    10 |       |       |       |       |       ||    15
       Staff             |       |       |    27 |    36 |    17 |     2 |     5 ||    87
 Cast: Flame Tongue      |    54 |    53 |   101 |   169 |    14 |       |       ||   391
       Conjure Flame     |     1 |    11 |    12 |    84 |    11 |       |       ||   119
       Sticky Flame      |       |       |    23 |    75 |    58 |    19 |     6 ||   181
       Fireball          |       |       |     6 |    38 |   141 |   112 |    41 ||   338
       Swiftness         |       |       |       |     1 |     7 |    10 |       ||    18
       Bolt of Fire      |       |       |       |    12 |   120 |    95 |    49 ||   276
       Apportation       |       |       |       |     6 |    57 |    91 |    23 ||   177
       Delayed Fireball  |       |       |       |     1 |     2 |     5 |     1 ||     9
       Regeneration      |       |       |       |       |    20 |    52 |    13 ||    85
       Orb of Destructio |       |       |       |       |    19 |    90 |    73 ||   182
       Freezing Cloud    |       |       |       |       |    16 |    12 |     3 ||    31
       Iskenderun's Batt |       |       |       |       |     1 |       |       ||     1
       Flight            |       |       |       |       |     4 |     5 |       ||     9
       Repel Missiles    |       |       |       |       |     2 |    41 |    10 ||    53
       Blink             |       |       |       |       |       |    15 |     3 ||    18
       Control Teleport  |       |       |       |       |       |     1 |       ||     1
Invok: Channel Energy    |       |    10 |    55 |   166 |   455 |   554 |   220 ||  1460
       Forget Spell      |       |       |       |       |     3 |       |       ||     3
 Abil: Evoke Fog         |       |       |       |       |     4 |     1 |     1 ||     6
       Release Delayed F |       |       |       |       |     2 |     5 |     2 ||     9
       Evoke Teleportati |       |       |       |       |       |       |     1 ||     1
       Evoke Invisibilit |       |       |       |       |       |       |     1 ||     1
Evoke: Wand              |       |       |     4 |    18 |     7 |     4 |     4 ||    37
  Use: Potion            |     1 |     3 |       |     3 |     2 |     7 |       ||    16
       Scroll            |       |       |     4 |    12 |    17 |    15 |     5 ||    53
